 Dungeon Crawl Stone Soup version 0.17-a0-547-g5e20af8 (webtiles) character file.

760 Fluffy the Ruffian (level 7, 0/71 HPs)
             Began as a Troll Monk on Apr 13, 2015.
             Slain by Baka's ghost (2 damage)
             ... on level 5 of the Dungeon.
             The game lasted 00:14:50 (3356 turns).

Fluffy the Ruffian (Troll Monk)                     Turns: 3356, Time: 00:14:50

Health: 0/71       AC:  6    Str: 20    XL:     7   Next: 50%
Magic:  6/6        EV: 12    Int:  6    God:
Gold:   192        SH:  0    Dex: 14    Spells: 0 memorised, 6 levels left

rFire  . . .     SeeInvis .       - Unarmed
rCold  . . .     Clarity  .     a - +0 robe
rNeg   . . .     SustAb   .     (no shield)
rPois  .         Gourm    +     (helmet restricted)
rElec  .         Spirit   .     q - +0 cloak
rCorr  .         Warding  .     (gloves unavailable)
rMut   .         Stasis   .     (boots unavailable)
MR     .....                    (no amulet)
Stlth  ++........               (no ring)
                                (no ring)

@: not resistant to hostile enchantments, unstealthy
A: unfitting armour, claws 3, fast metabolism 3, gourmand, regeneration 2,
shaggy fur 1, tough skin 2
a: no special abilities


You were on level 5 of the Dungeon.
You were very full.

You visited 1 branch of the dungeon, and saw 5 of its levels.

You collected 192 gold pieces.

Inventory:

Hand weapons
 w - a +0 giant club
 x - a +2 quarterstaff of chaos
Armour
 a - a +0 robe (worn)
 q - a +0 cloak (worn)
Magical devices
 p - a wand of polymorph (11)
 s - a wand of paralysis (10)
 v - a wand of teleportation (4)
Scrolls
 c - a scroll of immolation {unknown}
 f - a scroll of fog {unknown}
 l - a scroll of fear {unknown}
 u - 2 scrolls of recharging {unknown}
Potions
 e - 2 potions of curing
 g - 4 potions of mutation
 m - a potion of poison {unknown}
 o - 2 potions of heal wounds {unknown}
 r - 4 potions of might
 t - a potion of brilliance {unknown}
 z - a potion of restore abilities {unknown}
Books
 j - a book of Burglary

   Spells                             Type                      Level
   a - Swiftness                      Charms/Air                   2
   b - Passwall                       Transmutation/Earth          3
   c - Passage of Golubria            Translocation                4
   d - Lee's Rapid Deconstruction     Earth                        5
   e - Invisibility                   Hexes                        6
   f - Darkness                       Hexes                        7
Comestibles
 b - 3 bread rations
 d - 2 slices of pizza
 h - 5 meat rations
 i - a royal jelly
 k - 2 chunks of flesh
 n - a beef jerky


   Skills:
 + Level 4.8 Fighting
 + Level 4.5 Dodging
 - Level 1.1 Stealth
 + Level 6.2 Unarmed Combat


You had 6 spell levels left.
You didn't know any spells.

Dungeon Overview and Level Annotations

Branches:
Dungeon (5/15)
 Temple: D:4-7

Altars:
Dithmenos
Fedhas
Kikubaaqudgha
Ru
Zin

Shops:
D:4 *

Annotations:
D:5 Baka's ghost, experienced GrFi


Innate Abilities, Weirdness & Mutations

You are too large for most types of armour.
You have claws for hands.
Your metabolism is lightning-fast.
You like to eat raw meat.
You heal very quickly.
You are covered in fur (AC +1).
You have very tough skin (AC +2).


Message History

You scratch Baka's ghost but do no damage.
Baka's ghost is almost destroyed.
Baka's ghost misses you.
You scratch Baka's ghost but do no damage.
Baka's ghost is almost destroyed.
Baka's ghost hits you!
* * * LOW HITPOINT WARNING * * *
You barely miss Baka's ghost.
Baka's ghost is almost destroyed.
Baka's ghost hits you but does no damage.
You barely miss Baka's ghost.
Baka's ghost is almost destroyed.
Baka's ghost hits you.
* * * LOW HITPOINT WARNING * * *
You completely miss Baka's ghost.
Baka's ghost is almost destroyed.
You scratch Baka's ghost.
Baka's ghost is almost destroyed.
Baka's ghost hits you.
You die...

#### .. #..# ..).
##..####.....
###....#........ #
###.....##.#......
##>###...#..........$..
........)))............#
..#.#..#)<.#.#>...#...#
. #...)..#.#.@#.......
##.........W....###
...?...............##
##.##........#..### #
..........#.?#
.........###..#
Z#.##.#.... #..# #.
#.#...#...## .% .#.# ..#


You could see Baka's ghost.

Vanquished Creatures
  Sigmund (D:3)
  An ogre (D:4)
  A crimson imp (D:5)
  A gnoll shaman (D:4)
  An orc priest (D:4)
  Crazy Yiuf (D:4)
  2 orc wizards
  2 worker ants
  Terence (D:3)
  Natasha (thrice) (D:2)
  3 gnolls (D:4)
  7 adders
  3 worms
  An adder skeleton (D:5)
  2 giant geckos
  An ooze (D:2)
  13 orcs
  4 giant cockroaches
  7 hobgoblins
  10 jackals (D:3)
  7 kobolds
  3 quokkas
  2 ball pythons
  13 bats
  6 giant newts
  8 goblins
  A quokka skeleton (D:4)
  6 rats
111 creatures vanquished.

Notes
Turn   | Place    | Note
--------------------------------------------------------------
     0 | D:1      | Fluffy, the Troll Monk, began the quest for the Orb.
     0 | D:1      | Reached XP level 1. HP: 22/22 MP: 0/0
   228 | D:1      | Reached XP level 2. HP: 29/29 MP: 1/1
   621 | D:2      | Noticed Natasha
   632 | D:2      | Killed Natasha
   632 | D:2      | Reached XP level 3. HP: 16/37 MP: 2/2
   741 | D:2      | Found a shadowy altar of Dithmenos.
   835 | D:2      | Noticed Natasha
   839 | D:2      | Killed Natasha
   839 | D:2      | Reached XP level 4. HP: 45/45 MP: 3/3
  1227 | D:2      | Noticed Natasha
  1233 | D:2      | Killed Natasha
  1340 | D:3      | Noticed Terence
  1353 | D:3      | Killed Terence
  1460 | D:3      | Reached XP level 5. HP: 49/53 MP: 4/4
  1499 | D:3      | Found an ancient bone altar of Kikubaaqudgha.
  1500 | D:3      | Found a blossoming altar of Fedhas.
  1600 | D:3      | Noticed Sigmund
  1601 | D:3      | Found a glowing silver altar of Zin.
  1616 | D:3      | Killed Sigmund
  1616 | D:3      | Reached skill level 5 in Unarmed Combat
  1616 | D:3      | Reached XP level 6. HP: 33/62 MP: 5/5
  1673 | D:3      | Found a sacrificial altar of Ru.
  2367 | D:4      | Found Mucho's General Store.
  2476 | D:4      | Noticed Crazy Yiuf
  2480 | D:4      | Killed Crazy Yiuf
  2598 | D:4      | Reached XP level 7. HP: 57/71 MP: 6/6
  2607 | D:4      | Reached skill level 6 in Unarmed Combat
  3279 | D:5      | Entered Level 5 of the Dungeon
  3331 | D:5      | Noticed Baka's ghost (experienced GrFi)
  3352 | D:5      | HP: 2/71 [Baka's ghost (13)]
  3356 | D:5      | Slain by Baka's ghost

Action                   |  1- 3 |  4- 6 |  7- 9 || total
-------------------------+-------+-------+-------++-------
Melee: Unarmed           |    82 |   172 |    79 ||   333
  Use: Scroll            |       |       |     3 ||     3
       Potion            |       |       |     1 ||     1
  Eat: Chunk             |    12 |    12 |    12 ||    36
